 Dungeon Crawl Stone Soup version 0.30-a0-575-g6f4a10e2d2 (webtiles) character file.

Game seed: 7183053331057763227

5373 Ijustatesigmund the Cleaver (level 10, -1/96 HPs)
             Began as a Hill Orc Fighter on Dec 30, 2022.
             Slain by a hornet (6 damage)
             ... on level 9 of the Dungeon.
             The game lasted 00:12:33 (9714 turns).

Ijustatesigmund the Cleaver (Hill Orc Fighter)      Turns: 9714, Time: 00:12:33

Health: -1/96      AC: 12    Str: 21    XL:     10   Next: 66%
Magic:  10/10      EV: 12    Int:  9    God:
Gold:   497        SH:  0    Dex: 14    Spells: 9/9 levels left

rFire   + + .      SeeInvis .    A - +4 battleaxe (freeze)
rCold   + . .      Faith    .    (shield currently unavailable)
rNeg    + . .      Spirit   .    b - +3 ring mail of the Skies Above {+Inv rF++ rC+ rN+}
rPois   .          Reflect  .    (no helmet)
rElec   .          Harm     .    (no cloak)
rCorr   .          Rampage  .    (no gloves)
Will    +....                    k - +2 pair of boots
Stlth   +                        h - amulet of the acrobat
HPRegen 0.36/turn                (no ring)
MPRegen 0.12/turn                (no ring)

@: lethally poisoned (-1 -> -10), slowed, very slow
A: agile 1, strong-willed 1, subdued magic 1
a: Evoke Invisibility


You were on level 9 of the Dungeon.
You visited 2 branches of the dungeon, and saw 10 of its levels.

You collected 497 gold pieces.

Inventory:

Hand Weapons
 a - a +1 war axe
 A - a +4 battleaxe of freezing (weapon)
Armour
 b - the +3 ring mail of the Skies Above (worn) {+Inv rF++ rC+ rN+}
   (You found it on level 7 of the Dungeon)

   rF:        It greatly protects you from fire.
   rC:        It protects you from cold.
   rN:        It protects you from negative energy.
   +Inv:      It lets you turn invisible.
 c - a +0 buckler
 k - a +2 pair of boots (worn)
Jewellery
 h - an amulet of the acrobat (around neck)
Wands
 e - a wand of mindburst (13)
 g - a wand of polymorph (9)
 n - a wand of flame (9)
 v - a wand of iceblast (21)
Scrolls
 f - 4 scrolls of amnesia
 l - a scroll of enchant armour
 p - 4 scrolls of enchant weapon
 t - a scroll of teleportation
 u - a scroll of poison
 w - a scroll of brand weapon {unknown}
 x - a scroll of fog
 y - a scroll of blinking {unknown}
Potions
 d - a potion of might
 i - 2 potions of lignification
 j - 3 potions of attraction
 m - a potion of degeneration {unknown}
 o - a potion of magic {unknown}
 r - a potion of cancellation {unknown}
 s - a potion of berserk rage {unknown}
 z - 3 potions of flight {unknown}


   Skills:
 + Level 11.3 Fighting
 + Level 12.0 Axes
 + Level 5.6 Armour
 + Level 3.2 Dodging
 + Level 5.6 Shields
 - Level 5.1 Evocations


You had 9 spell levels left.
You didn't know any spells.
Your spell library contained the following spells:

 Spells                   Type           Power      Damage    Failure   Level
 Sandblast                Erth           0%         2d4       50%         1
 Slow                     Hex            0%         N/A       50%         1
 Summon Small Mammal      Summ           0%         N/A       50%         1
 Passwall                 Tmut/Erth      0%         N/A       63%         2
 Call Canine Familiar     Summ           0%         N/A       86%         3
 Confusing Touch          Hex            0%         N/A       86%         3
 Stone Arrow              Conj/Erth      0%         3d7       86%         3
 Summon Guardian Golem    Hex/Summ       0%         N/A       86%         3
 Vampiric Draining        Necr           0%         2d6       86%         3
 Blade Hands              Tmut           0%         N/A       100%        5
 Irradiate                Conj/Tmut      0%         3d11      100%        5
 Dragon Form              Tmut           0%         N/A       100%        7


Dungeon Overview and Level Annotations

Branches:
Dungeon (9/15)             Temple (1/1) D:7
   Lair: D:8-11         Orc: D:9-12

Altars:
Ashenzari
Cheibriados
Dithmenos
Elyvilon
Fedhas
Gozag
Hepliaklqana
Kikubaaqudgha
Makhleb
Nemelex Xobeh
Qazlal
Ru
Sif Muna
Trog
Uskayaw
Vehumet
Wu Jian
Xom
Yredelemnul
Zin
The Shining One

Shops:
D:3 *


Innate Abilities, Weirdness & Mutations

You are agile. (Dex +4, Str/Int -1)
You are strong-willed. (Will+)
Your spells are a little easier to cast, but a little less powerful.


Message History

The hornet stings you but does no damage.
The hornet stings you.
You are more poisoned.
You feel as though you will be slow longer.
You bump into the rock wall.
You feel extremely sick. The hornet barely misses you.
The hornet closely misses you. The hornet attacks as you move away!
The hornet stings you but does no damage.
You feel very sick. The hornet barely misses you.
The hornet completely misses you.
You are more confused.
You feel more invigorated.
You feel very sick.
The hornet stings you but does no damage.
The hornet misses you.
You feel sick. The hornet stings you.
You feel as though you will be slow longer.
You hit the hornet but do no damage.
The hornet is almost dead.
You slice something!!
You feel less invigorated.
You feel less confused.
You feel very sick. The hornet closely misses you.
The shadow strikes at you from the darkness!
* * * LOW HITPOINT WARNING * * *
Reactivating autopickup.
The hornet stings you!
* * * LOW HITPOINT WARNING * * *
You are lethally poisoned!
You feel as though you will be slow longer.
The shadow closely misses you.
You closely miss the hornet.
The hornet is almost dead.
You slash the shadow!
You destroy the shadow!
* * * LOW HITPOINT WARNING * * *
You feel very sick. The hornet stings you.
You die...

########## #........#
##########........#
........##........# ####
#######...........# #..
#........#........#######.#####
#........#........##.[........#
.....[...#......@y............#
#........#####.#.###..........##.
....###### #...# #<..........#.
....# ##..###............. ....#
#....#............. ....#
#.##...####.###.##. ...##
#.####....#.##..... #..# #.#
####....y.###. #..# #.# ##.....#


You could see a hornet.

Vanquished Creatures
  Erica (D:8)
  A two-headed ogre (D:9)
  2 hornets
  Sigmund (D:4)
  A shadow (D:9)
  A steam dragon (D:8)
  3 wyverns
  An acid dragon (D:9)
  A water moccasin (D:4)
  An ice beast (D:5)
  An ogre (D:5)
  4 centaurs
  A phantom (D:5)
  5 kobold brigands
  6 bullfrogs
  A gnoll sergeant (D:6)
  2 necrophages (D:6)
  A scorpion (D:5)
  5 wights (D:8)
  A killer bee (D:7)
  3 hounds
  5 orc priests
  2 jellies
  Jessica (D:2)
  Terence (D:2)
  5 iguanas
  Natasha (thrice) (D:3)
  A gnoll bouda (D:6)
  7 orc wizards
  6 adders
  5 gnolls (D:6)
  2 shadow imps (D:6)
  A white imp (D:8)
  4 worms
  5 dart slugs
  27 orcs
  8 endoplasms
  2 giant cockroaches (D:1)
  6 goblins
  4 hobgoblins
  5 quokkas
  4 ball pythons
  7 bats
  5 frilled lizards
  30 kobolds
  5 rats
194 creatures vanquished.

Vanquished Creatures (others)
  An orc (D:8)
1 creature vanquished.

Grand Total: 195 creatures vanquished

Notes
Turn   | Place    | Note
-------+----------+-------------------------------------------
     0 | D:1      | Ijustatesigmund the Hill Orc Fighter began the quest for
                  | the Orb.
     0 | D:1      | Reached XP level 1. HP: 19/19 MP: 1/1
    57 | D:1      | Reached skill level 3 in Axes
    84 | D:1      | Reached XP level 2. HP: 27/27 MP: 2/2
   699 | D:2      | Reached XP level 3. HP: 32/34 MP: 3/3
   745 | D:2      | Reached skill level 4 in Axes
   872 | D:2      | Noticed Terence
   875 | D:2      | Killed Terence
   876 | D:2      | Reached XP level 4. HP: 41/41 MP: 4/4
  1081 | D:2      | Reached skill level 5 in Fighting
  1259 | D:2      | Noticed Jessica
  1266 | D:2      | Killed Jessica
  1377 | D:2      | Reached skill level 5 in Axes
  1582 | D:2      | Reached XP level 5. HP: 46/48 MP: 5/5
  2215 | D:3      | Gained mutation: Your spells are a little easier to cast,
                  | but a little less powerful. [potion of mutation]
  2215 | D:3      | Gained mutation: You occasionally lose the ability to read
                  | scrolls when taking damage. [potion of mutation]
  2215 | D:3      | Gained mutation: You are dopey. (Int -2) [potion of
                  | mutation]
  2216 | D:3      | Lost mutation: You occasionally lose the ability to read
                  | scrolls when taking damage. [potion of mutation]
  2216 | D:3      | Lost mutation: You are dopey. (Int -2) [potion of mutation]
  2216 | D:3      | Lost mutation: Your spells are a little easier to cast, but
                  | a little less powerful. [potion of mutation]
  2216 | D:3      | Gained mutation: Your body sometimes deteriorates upon
                  | taking damage. [potion of mutation]
  2216 | D:3      | Gained mutation: You are strong-willed. (Will+) [potion of
                  | mutation]
  2216 | D:3      | Gained mutation: You passively map a small area around you.
                  | [potion of mutation]
  2251 | D:3      | Lost mutation: Your body sometimes deteriorates upon taking
                  | damage. [potion of mutation]
  2251 | D:3      | Lost mutation: You passively map a small area around you.
                  | [potion of mutation]
  2251 | D:3      | Gained mutation: You are agile. (Dex +4, Str/Int -1)
                  | [potion of mutation]
  2251 | D:3      | Gained mutation: Your spells are a little easier to cast,
                  | but a little less powerful. [potion of mutation]
  2255 | D:3      | Noticed Natasha
  2262 | D:3      | Killed Natasha
  2263 | D:3      | Reached XP level 6. HP: 46/57 MP: 6/6
  2309 | D:3      | Found a shimmering blue altar of Sif Muna.
  2400 | D:3      | Reached skill level 6 in Axes
  2580 | D:3      | Found Zin's Purification Station.
  2583 | D:3      | Found a glowing silver altar of Zin.
  2590 | D:3      | Noticed Natasha
  2597 | D:3      | Killed Natasha
  2638 | D:3      | Noticed Natasha
  2644 | D:3      | Killed Natasha
  2934 | D:4      | Noticed a water moccasin
  2945 | D:4      | Killed a water moccasin
  3156 | D:4      | Found a white marble altar of Elyvilon.
  3313 | D:4      | Identified the +3 leather armour of Jogricesm {rPois}
  3320 | D:4      | Noticed Sigmund
  3335 | D:4      | Killed Sigmund
  3336 | D:4      | Reached skill level 7 in Axes
  3336 | D:4      | Reached XP level 7. HP: 49/66 MP: 7/7
  3589 | D:4      | Found a stormy altar of Qazlal.
  4196 | D:5      | Entered Level 5 of the Dungeon
  4210 | D:5      | Reached skill level 8 in Axes
  4466 | D:5      | Reached skill level 1 in Evocations
  4466 | D:5      | Reached XP level 8. HP: 71/74 MP: 8/8
  4937 | D:5      | Found a bloodstained altar of Trog.
  5043 | D:6      | Reached skill level 9 in Axes
  5189 | D:6      | Found a large runed translucent door.
  5190 | D:6      | Found a large runed translucent door.
  5849 | D:6      | Found a sacrificial altar of Ru.
  5918 | D:6      | Found a hazy altar of Hepliaklqana.
  6207 | D:6      | Found a glowing golden altar of the Shining One.
  6280 | D:7      | Reached XP level 9. HP: 78/84 MP: 9/9
  6342 | D:7      | Reached skill level 10 in Axes
  6611 | D:7      | Identified the +3 ring mail of the Skies Above {+Inv rF++
                  | rC+ rN+}
  6949 | D:7      | Found a staircase to the Ecumenical Temple.
  6956 | Temple   | Entered the Ecumenical Temple
  6956 | Temple   | Found a transporter.
  6956 | Temple   | Found a transporter.
  6958 | Temple   | Found a transporter.
  6958 | Temple   | Found a transporter.
  7194 | D:7      | Reached skill level 10 in Fighting
  7429 | D:7      | Reached skill level 5 in Evocations
  8229 | D:8      | Noticed a hornet
  8234 | D:8      | Reached skill level 1 in Dodging
  8241 | D:8      | Killed a hornet
  8242 | D:8      | Reached skill level 11 in Axes
  8281 | D:8      | Reached XP level 10. HP: 26/94 MP: 10/10
  8586 | D:8      | Noticed Erica
  8612 | D:8      | Killed Erica
  8862 | D:8      | Reached skill level 5 in Armour
  8862 | D:8      | Reached skill level 5 in Shields
  9240 | D:9      | Noticed a two-headed ogre
  9248 | D:9      | Killed a two-headed ogre
  9253 | D:9      | Identified the +0 leather armour "Hinooxib" {-Tele rPois
                  | rC+}
  9412 | D:9      | Identified the +0 ring mail of the Engineer {Stlth+}
  9468 | D:9      | Paralysed by a hornet for 2 turns
  9475 | D:9      | Paralysed by a hornet for 1 turns
  9591 | D:9      | Reached skill level 12 in Axes
  9704 | D:9      | Paralysed by a hornet for 1 turns
  9714 | D:9      | Slain by a hornet

Illustrated notes

Levels and vault maps discovered:
D:1:      saegor_arrival_fortress, layout_rooms, st_stairs_7,
          nicolae_figureground_sparkle
D:2:      layout_loops_corners, uniq_jessica, uniq_terence
D:3:      layout_loops_ring, zin_purify, mainiacjoe_overflow_small_starburst,
          uniq_natasha
D:4:      layout_loops_corners, nicolae_overflow_hidden_temple,
          elyvilon_altar_1, hangedman_glass_teeth, uniq_sigmund
D:5:      layout_cave_pools, amcnicky_altar_gilded, kennysheep_small_spiral,
          serial_bayou_pond_d
D:6:      layout_basic, nicolae_ru_path_of_blood, jmf_multi_god_temple2
D:7:      minmay_recursive_quarters, layout_loops_corners, temple_green,
          roderic_filled_cross
D:8:      layout_rooms, uniq_erica
D:9:      layout_rooms, okawaru_ov_weapons_minmay,
          amcnicky_mini_rare_corridor_liquid, uniq_psyche
Temple:   hellmonk_temple_divided_pantheon

Skill      XL: |  1  2  3  4  5  6  7  8  9 10 |
---------------+-------------------------------+-----
Axes           | 3 4 5 7 8 9 11 12 | 12.0
Fighting       | 4 5 6 7 8 9 10 11 | 11.3
Evocations     | 1 3 5 |  5.1
Dodging        | 1 3 |  3.2
Armour         | 4 5 |  5.6
Shields        | 4 5 |  5.6

Action                   |  1- 3 |  4- 6 |  7- 9 | 10-12 || total
-------------------------+-------+-------+-------+-------++-------
Melee: War axe           |    75 |   129 |   322 |       ||   526
       Unarmed           |     2 |     1 |       |       ||     3
       Battleaxe         |       |       |       |    61 ||    61
Evoke: Wand              |       |       |     3 |     7 ||    10
  Use: Scroll            |     2 |     8 |     5 |     2 ||    17
       Potion            |       |     3 |     2 |     9 ||    14
Armor: Scale mail        |    27 |    48 |    19 |       ||    94
       Chain mail        |       |       |    85 |       ||    85
       Ring mail         |       |       |    67 |    37 ||   104
Dodge: Dodged            |    34 |    66 |   163 |    62 ||   325
Block: Buckler           |    18 |    18 |    70 |       ||   106

Table legend: (Time is in decaauts)
 A = Elapsed time spent in this place.
 B = Non-inter-level travel time spent in this place.
 C = Inter-level travel time spent in this place.
 D = Time resting spent in this place.
 E = Time spent auto-exploring this place.
 F = Levels seen in this place.
 G = Mean time per level.
                   A        B        C        D        E       F      G
               +--------+--------+--------+--------+--------+-----+--------+
         Total |   9817 |   9525 |    292 |   2252 |   5887 |  10 |  981.7 |
       Dungeon |   9762 |   9471 |    291 |   2252 |   5881 |   9 | 1084.7 |
        Temple |     54 |     54 |      0 |      0 |      6 |   1 |   54.0 |
               +--------+--------+--------+--------+--------+-----+--------+

Top non-repeatable levels by time:
     D:7: 1857 daAuts
     D:4: 1486 daAuts
     D:6: 1224 daAuts
     D:2: 1150 daAuts
     D:8: 1056 daAuts
     D:3: 916 daAuts
     D:5: 830 daAuts
     D:1: 708 daAuts
     D:9: 532 daAuts
  Temple: 54 daAuts
